 Dungeon Crawl Stone Soup version 0.29-a0-398-ge13fd1374b (webtiles) character file.

Game seed: 9112802702513448075

38189 trckry the Convoker (level 14, -5/100 HPs)
             Began as a Human Summoner on May 13, 2022.
             Was a High Priest of Nemelex Xobeh.
             Slain by a komodo dragon (26 damage)
             ... on level 2 of the Lair of Beasts.
             The game lasted 01:19:26 (23527 turns).

trckry the Convoker (Human Summoner)               Turns: 23527, Time: 01:19:26

Health: -5/100     AC:  9    Str: 10    XL:     14   Next: 33%
Magic:  6/26       EV: 18    Int: 28    God:    Nemelex Xobeh [*****.]
Gold:   1771       SH:  0    Dex: 15    Spells: 14/30 levels left

rFire   . . .      SeeInvis +   u - +7 flail of Satyriasis {speed, rPois rC+}
rCold   + . .      Faith    .   (no shield)
rNeg    + + .      Spirit   .   y - +2 leather armour {rN+}
rPois   +          Reflect  .   L - +2 hat
rElec   +          Harm     .   f - +0 cloak
rCorr   .          Rampage  .   (no gloves)
Will    +....                   (no boots)
Stlth   ++........              (no amulet)
HPRegen 0.26/turn               s - ring of Moderation {rN+ EV+4 Int+2 SInv}
MPRegen 0.20/turn               T - ring of Lokor {rElec Str+2 Int+6}

@: no status effects
A: no striking features
a: Renounce Religion, Draw Escape, Draw Destruction, Draw Summoning, Triple
Draw, Deal Four, Stack Five


You were on level 2 of the Lair of Beasts.
You worshipped Nemelex Xobeh.
Nemelex Xobeh was extremely pleased with you.
You visited 4 branches of the dungeon, and saw 17 of its levels.
You also visited: Ossuary.

You collected 1995 gold pieces.
You spent 224 gold pieces at shops.

Inventory:

Hand Weapons
 u - the +7 flail of Satyriasis (weapon) {speed, rPois rC+}
   (You found it on level 4 of the Dungeon)

   Attacks with this weapon are significantly faster.
   rC:        It protects you from cold.
   rPois:     It protects you from poison.
 H - a +2 demon whip of electrocution
Missiles
 o - 2 throwing nets
 t - 31 poisoned darts (quivered)
Armour
 f - a +0 cloak (worn)
 v - a +0 leather armour of willpower
 y - a +2 leather armour of positive energy (worn)
 L - a +2 hat (worn)
Jewellery
 s - the ring of Moderation (left hand) {rN+ EV+4 Int+2 SInv}
   (You found it on level 4 of the Dungeon)

   [ring of evasion]

   EV:        It affects your evasion (+4).
   Int:       It affects your intelligence (+2).
   rN:        It protects you from negative energy.
   SInv:      It lets you see invisible.
 B - a +6 ring of strength
 C - a ring of fire
 F - a ring of ice
 P - a ring of willpower
 T - the ring of Lokor (right hand) {rElec Str+2 Int+6}
   (You took it off a centaur on level 11 of the Dungeon)

   [ring of intelligence]

   Str:       It affects your strength (+2).
   Int:       It affects your intelligence (+6).
   rElec:     It insulates you from electricity.
 V - a +6 ring of intelligence
 W - the ring "Maaromna" {rC+ rCorr}
   (You found it on level 12 of the Dungeon)

   [ring of resist corrosion]

   rC:        It protects you from cold.
   rCorr:     It protects you from acid and corrosion.
Wands
 n - a wand of flame (62)
 r - a wand of acid (6)
 x - a wand of mindburst (48)
 N - a wand of iceblast (10)
 S - a wand of paralysis (12)
 U - a wand of charming (5)
Scrolls
 a - a scroll of enchant armour {unknown}
 c - a scroll of enchant weapon {unknown}
 d - 5 scrolls of noise {unknown}
 e - 5 scrolls of immolation
 i - 2 scrolls of magic mapping {unknown}
 m - 14 scrolls of identify
 q - 6 scrolls of teleportation
 w - 7 scrolls of amnesia {unknown}
 D - 2 scrolls of fear {unknown}
 G - 2 scrolls of fog {unknown}
 I - a scroll of torment {unknown}
 O - 6 scrolls of blinking {unknown}
 R - 2 scrolls of poison {unknown}
Potions
 b - a potion of magic
 g - 3 potions of degeneration {unknown}
 h - 7 potions of curing {unknown}
 j - 2 potions of heal wounds
 k - 3 potions of might {unknown}
 l - 4 potions of brilliance {unknown}
 p - 7 potions of attraction {unknown}
 z - 5 potions of haste {unknown}
 A - 2 potions of flight {unknown}
 E - 3 potions of ambrosia {unknown}
 J - 3 potions of lignification {unknown}
 K - a potion of resistance {unknown}
 M - a potion of invisibility
 Q - a potion of berserk rage {unknown}
Miscellaneous
 X - a lightning rod (4/4)


   Skills:
 - Level 6.0 Fighting
 - Level 6.0 Armour
 - Level 6.0 Dodging
 - Level 2.0 Stealth
 + Level 8.8 Spellcasting
 * Level 15.7 Summonings
 - Level 6.0 Air Magic
 + Level 11.5 Invocations


You had 14 spell levels left.
You knew the following spells:

 Your Spells              Type           Power      Damage    Failure   Level
a - Summon Small Mammal   Summ           100%       N/A       0%          1
b - Call Imp              Summ           79%        N/A       0%          2
c - Call Canine Familiar  Summ           79%        N/A       1%          3
d - Summon Lightning Spi  Summ/Air       65%        N/A       1%          4
e - Summon Cactus Giant   Summ           39%        N/A       1%          6

Your spell library contained the following spells:

 Spells                   Type           Power      Damage    Failure   Level
 Summon Guardian Golem    Hex/Summ       54%        N/A       1%          3
 Swiftness                Air            45%        N/A       1%          3
 Blink                    Tloc           24%        N/A       9%          2
 Ensorcelled Hibernation  Hex/Ice        24%        N/A       9%          2
 Passwall                 Tmut/Erth      10%        N/A       9%          2
 Scorch                   Fire           24%        2d6       9%          2
 Dazzling Flash           Conj/Hex       24%        N/A       17%         3
 Gell's Gravitas          Tloc           12%        N/A       17%         3
 Lesser Beckoning         Tloc           12%        N/A       17%         3
 Teleport Other           Tloc           12%        N/A       17%         3
 Silence                  Hex/Air        14%        N/A       43%         5
 Flame Wave               Conj/Fire      12%        2d6       50%         4
 Summon Horrible Things   Summ           39%        N/A       52%         8
 Agony                    Necr           12%        N/A       85%         5
 Manifold Assault         Tloc           12%        N/A       85%         5
 Malign Gateway           Summ/Tloc      27%        N/A       89%         7


Dungeon Overview and Level Annotations

Branches:
Dungeon (12/15)            Temple (1/1) D:6            Lair (2/6) D:11
    Orc (2/2) D:11            Elf (0/3) Orc:2       Ossuary (visited)
  Swamp: Lair:2-4    Shoals: Lair:2-4     Snake: Lair:2-4    Spider: Lair:2-4

Altars:
Ashenzari
Cheibriados
Dithmenos
Elyvilon
Fedhas
Gozag
Hepliaklqana
Kikubaaqudgha
Makhleb
Nemelex Xobeh
Okawaru
Qazlal
Ru
Sif Muna
Trog
Uskayaw
Vehumet
Wu Jian
Xom
Yredelemnul
Zin
The Shining One

Shops:
D:3 *   D:12 *(   Orc:2 *:([

Annotations:
D:12 1 runed translucent door, quokkamancerX's ghost, journeyman MfSu


Message History

The centaur shoots an arrow.
The arrow hits your cactus giant!
The centaur shoots an arrow.
The arrow hits your cactus giant!
A komodo dragon comes into view.
Your cactus giant hits the centaur with a +0 giant spiked club!
The centaur dies!
The centaur shoots an arrow.
The arrow hits your cactus giant!
The centaur shoots an arrow.
The arrow barely misses your cactus giant.
The arrow hits you!
* * * LOW HITPOINT WARNING * * *
You take 10 damage, and have 19/100 hp.
The centaur shoots an arrow.
The arrow hits your cactus giant.
The centaur shoots an arrow.
The arrow hits your cactus giant!
The centaur shoots an arrow.
The arrow hits your cactus giant.
The centaur shoots an arrow.
The arrow hits your cactus giant! What are your orders? t - Shout!
Orders for allies: a - Attack new target. r - Retreat! s - Stop attacking. g - Guard the area. f - Follow me.
Anything else - Cancel.
Gang up on whom?
Press: ? - help, Dir - move target, f - centaur
Aim: a centaur, wielding a +0 shortbow Attack!
The centaur shoots an arrow.
The arrow hits your cactus giant!
Your cactus giant is destroyed!
Your cactus giant disappears in a puff of smoke!
The centaur shoots an arrow.
The arrow hits your warg!
The centaur shoots an arrow.
The arrow hits your warg!
The centaur shoots an arrow.
The arrow hits your warg.
Your warg bites the centaur!
The centaur unwields a +0 shortbow.
The centaur hits something but does no damage.
The centaur kicks something but does no damage.
Casting: Summon Cactus Giant (dangerous; 1% risk of failure)
Confirm with . or Enter, or press ? or * to list all spells.
Your warg bites the centaur.
The centaur wields a +0 shortbow.
The centaur shoots an arrow.
The arrow hits your warg! The komodo dragon bites you!!
You die...
Your body disappears without a glow.

#######
#.P#.P###
##........
#@lC...... ..
##.#.#### .$
##.##.#.##.#
#8h##.....#.:.
##c)#.........
#.......S....
##.##....C#...
#P.##.c.c.....
##.##.....P...


You could see a komodo dragon (ally target), a centaur (ally target), a friendly
cactus giant (summoned) and a friendly warg (summoned).

Vanquished Creatures
  A centaur warrior (D:11)
  2 orc high priests (Orc:2)
  2 deep elf pyromancers (Orc:2)
  A deep elf zephyrmancer (Orc:2)
  2 orc sorcerers (Orc:1)
  A cyclops (Orc:2)
  2 black mambas
  Maggie (D:10)
  2 cane toads
  A komodo dragon (Lair:1)
  5 trolls
  A hornet (D:5)
  A shadow (D:12)
  8 yaks
  2 hogs (D:12)
  A wyvern (D:9)
  3 vampire mosquitoes
  Edmund (D:4)
  An acid dragon (D:10)
  A warg (Orc:1)
  A water moccasin (D:7)
  8 orc warriors
  2 ogres
  3 centaurs
  A phantom (D:6)
  4 bullfrogs
  2 scorpions
  A killer bee (D:11)
  A troll skeleton (D:11)
  2 spriggan skeletons (D:11)
  3 hounds (D:6)
  A human zombie (Ossuary)
  A jelly (D:6)
  4 orc priests
  2 gnoll shamans
  An iguana (D:6)
  Natasha (thrice) (D:4)
  7 orc wizards
  A hound zombie (Ossuary)
  A mummy (Ossuary)
  11 gnolls
  2 adders
  18 orcs
  A ball python (D:4)
  2 goblins
  A jackal (D:4)
  A frilled lizard (D:3)
  A goblin zombie (Ossuary)
  3 hobgoblin zombies (Ossuary)
  3 kobolds (D:4)
  An orc zombie (Ossuary)
  A quokka zombie (Ossuary)
  A rat (D:3)
134 creatures vanquished.

Vanquished Creatures (collateral kills)
  2 orc warlords (Orc:1)
  A two-headed ogre (D:9)
  A centaur warrior (D:9)
  4 orc high priests (Orc:2)
  2 orc knights
  An ugly thing (D:12)
  4 deep elf pyromancers (Orc:2)
  2 deep elf zephyrmancers (Orc:2)
  4 orc sorcerers
  2 cyclopes
  2 cane toads
  An unseen horror (D:11)
  A kobold demonologist (D:9)
  2 komodo dragons (Lair:1)
  4 trolls
  2 hornets (D:9)
  A vampire (D:8)
  A wyvern (D:9)
  14 yaks
  A wraith (D:12)
  2 hogs
  2 basilisks (Lair:1)
  2 vampire mosquitoes
  A steam dragon (D:8)
  2 acid dragons
  5 wargs
  5 water moccasins
  29 orc warriors
  A black bear (D:6)
  2 centaurs
  4 ogres
  A phantom (D:6)
  A kobold brigand (D:10)
  2 bullfrogs
  4 scorpions
  2 gnoll sergeants
  A killer bee (D:11)
  3 spriggan skeletons (D:11)
  20 orc priests
  2 jellies
  2 hounds
  4 gnoll shamans
  A human zombie (Ossuary)
  6 iguanas
  20 orc wizards
  Ijyb (D:3)
  3 hound zombies (Ossuary)
  2 mummies (Ossuary)
  7 adders
  21 gnolls
  A river rat (D:11)
  A shadow imp (D:6)
  A white imp (D:6)
  3 adder zombies (Ossuary)
  3 dart slugs
  2 worms
  71 orcs
  9 bats
  5 endoplasms
  4 giant cockroaches
  9 hobgoblins
  8 kobolds
  2 quokkas
  11 ball pythons
  5 frilled lizards
  A gnoll zombie (Ossuary)
  6 goblins
  3 goblin zombies (Ossuary)
  A hobgoblin zombie (Ossuary)
  4 jackal zombies (Ossuary)
  2 kobold zombies (Ossuary)
  An orc zombie (Ossuary)
  2 quokka zombies (Ossuary)
  3 rats
  7 rat zombies (Ossuary)
375 creatures vanquished.

Vanquished Creatures (others)
  Kirke (D:12)
  A human (D:3)
  12 fungi
  11 plants
25 creatures vanquished.

Grand Total: 534 creatures vanquished

Notes
Turn   | Place    | Note
-------+----------+-------------------------------------------
     0 | D:1      | trckry the Human Summoner began the quest for the Orb.
     0 | D:1      | Reached XP level 1. HP: 13/13 MP: 3/3
   299 | D:1      | Found a faded altar of an unknown god.
   345 | D:1      | Reached XP level 2. HP: 18/19 MP: 3/5
   348 | D:1      | Learned a level 2 spell: Call Imp
  1569 | D:2      | Reached XP level 3. HP: 22/24 MP: 3/6
  2200 | D:2      | Learned a level 3 spell: Call Canine Familiar
  2248 | D:3      | Reached skill level 5 in Summonings
  2248 | D:3      | Reached XP level 4. HP: 16/30 MP: 5/7
  2434 | D:3      | Found a sparkling altar of Nemelex Xobeh.
  2442 | D:3      | Became a worshipper of Nemelex Xobeh the Trickster
  2796 | D:3      | Found Loevil's Assorted Antiques.
  2797 | D:3      | Noticed Ijyb
  2820 | D:3      | Killed Ijyb
  2969 | D:3      | Reached skill level 1 in Invocations
  2969 | D:3      | Reached XP level 5. HP: 20/35 MP: 9/9
  3736 | D:3      | Found a glowing silver altar of Zin.
  3811 | D:3      | Found an ancient bone altar of Kikubaaqudgha.
  3814 | D:3      | Noticed a human
  3815 | D:3      | Killed a human
  3916 | D:4      | Found a snail-covered altar of Cheibriados.
  3929 | D:4      | Reached XP level 6. HP: 41/41 MP: 4/10
  4116 | D:4      | Reached skill level 6 in Summonings
  4128 | D:4      | Found a broken altar of Ashenzari.
  4128 | D:4      | Identified the ring of Moderation {rN+ EV+4 Int+2 SInv}
  4232 | D:4      | Identified the +7 flail of Satyriasis {speed, rPois rC+}
  4235 | D:4      | Noticed Edmund
  4440 | D:4      | Killed Edmund
  4441 | D:4      | Reached XP level 7. HP: 38/46 MP: 1/12
  4718 | D:4      | Reached * piety under Nemelex Xobeh
  4795 | D:4      | Noticed Natasha
  4804 | D:4      | Killed Natasha
  5000 | D:4      | Reached skill level 1 in Armour
  5078 | D:4      | Received a gift from Nemelex Xobeh
  5224 | D:4      | Noticed Natasha
  5233 | D:4      | Killed Natasha
  5351 | D:4      | Noticed Natasha
  5364 | D:4      | Killed Natasha
  5513 | D:5      | Entered Level 5 of the Dungeon
  5583 | D:5      | Found a shadowy altar of Dithmenos.
  5599 | D:5      | Found an iron altar of Okawaru.
  5600 | D:5      | Noticed a hornet
  5609 | D:5      | Killed a hornet
  5610 | D:5      | Reached skill level 7 in Summonings
  5610 | D:5      | Reached XP level 8. HP: 38/52 MP: 9/14
  6319 | D:5      | Reached XP level 9. HP: 57/57 MP: 12/16
  6550 | D:5      | Found an opulent altar of Gozag.
  6565 | D:5      | Reached skill level 8 in Summonings
  6729 | D:5      | Learned a level 4 spell: Summon Lightning Spire
  6793 | D:6      | Reached ** piety under Nemelex Xobeh
  6910 | D:6      | Found a burning altar of Makhleb.
  7075 | D:6      | Reached skill level 1 in Fighting
  7075 | D:6      | Reached skill level 5 in Spellcasting
  7075 | D:6      | Reached skill level 1 in Air Magic
  7561 | D:6      | Found a shimmering blue altar of Sif Muna.
  7565 | D:6      | Found a blossoming altar of Fedhas.
  7566 | D:6      | Found a bloodstained altar of Trog.
  7566 | D:6      | Found an opulent altar of Gozag.
  7626 | D:6      | Reached skill level 5 in Invocations
  8063 | D:6      | Found a staircase to the Ecumenical Temple.
  8078 | Temple   | Entered the Ecumenical Temple
  8288 | D:7      | Found a sand-covered staircase.
  8394 | Ossuary  | Entered an ossuary
  8575 | Ossuary  | Reached XP level 10. HP: 65/67 MP: 14/18
  8688 | Ossuary  | Reached skill level 9 in Summonings
  9192 | D:7      | Found an ornate altar of the Wu Jian Council.
  9271 | D:7      | Reached *** piety under Nemelex Xobeh
  9609 | D:8      | Received a gift from Nemelex Xobeh
  9622 | D:8      | Identified the +8 mace "Dite" {speed, rF+}
  9783 | D:8      | Reached skill level 5 in Dodging
 10912 | D:9      | Received a gift from Nemelex Xobeh
 11030 | D:9      | Noticed a kobold demonologist
 11043 | D:9      | Noticed a two-headed ogre
 11055 | D:9      | Noticed an orange demon
 11059 | D:9      | Killed a kobold demonologist
 11063 | D:9      | Killed a two-headed ogre
 11064 | D:9      | Reached skill level 5 in Armour
 11064 | D:9      | Reached skill level 10 in Summonings
 11064 | D:9      | Reached XP level 11. HP: 73/76 MP: 6/20
 11237 | D:9      | Reached **** piety under Nemelex Xobeh
 11327 | D:9      | Noticed a centaur warrior
 11588 | D:9      | Killed a centaur warrior
 12227 | D:9      | Received a gift from Nemelex Xobeh
 12447 | D:10     | Entered Level 10 of the Dungeon
 12779 | D:10     | Reached skill level 5 in Air Magic
 12780 | D:10     | Noticed an orc knight
 12794 | D:10     | Killed an orc knight
 12795 | D:10     | Reached skill level 5 in Fighting
 13043 | D:10     | Reached skill level 11 in Summonings
 13445 | D:10     | Noticed Maggie
 13471 | D:10     | Killed Maggie
 13922 | D:10     | Reached XP level 12. HP: 72/86 MP: 18/21
 14386 | D:11     | Identified the +4 long sword "Bulaewa" {spect, Will- Str+6
                  | Int+3}
 14437 | D:11     | Found a staircase to the Lair.
 14638 | D:11     | Identified the ring of Lokor {rElec Str+2 Int+6}
 15028 | D:11     | Paralysed by a centaur for 2 turns
 15196 | D:11     | Noticed a centaur warrior
 15199 | D:11     | Killed a centaur warrior
 15200 | D:11     | Reached skill level 12 in Summonings
 15532 | D:11     | Found a staircase to the Orcish Mines.
 15785 | D:11     | Received a gift from Nemelex Xobeh
 16061 | D:11     | Identified the +5 triple sword of Aqeap {vorpal, Fly rPois
                  | rCorr Dex-3}
 16181 | D:12     | Found Higoithratz's Elemental Accessories.
 16316 | D:12     | Found Asosups's Weapon Shop.
 16331 | D:12     | Noticed Kirke
 16382 | D:12     | Received a gift from Nemelex Xobeh
 16763 | D:12     | Killed Kirke
 16764 | D:12     | Reached skill level 13 in Summonings
 16823 | D:12     | Identified the ring "Maaromna" {rC+ rCorr}
 17058 | D:12     | Found a runed translucent door.
 17062 | D:12     | Identified the +10 trident of the Candelabrum {spect, rElec
                  | rCorr Dex+3}
 17062 | D:12     | Noticed a spriggan rider
 17062 | D:12     | Noticed quokkamancerX's ghost (journeyman MfSu)
 17179 | Orc:1    | Entered Level 1 of the Orcish Mines
 17201 | Orc:1    | Noticed a sun demon
 17218 | Orc:1    | Noticed an orc warlord
 17223 | Orc:1    | Reached XP level 13. HP: 46/93 MP: 5/22
 17224 | Orc:1    | Killed an orc warlord
 17598 | Orc:2    | Entered Level 2 of the Orcish Mines
 17635 | Orc:1    | HP: 12/93 [orc sorcerer/bolt of fire (39)]
 18219 | Orc:2    | Reached skill level 14 in Summonings
 18219 | Orc:2    | Reached skill level 10 in Invocations
 18405 | Orc:2    | Noticed an orc warlord
 18984 | Orc:1    | Killed an orc warlord
 19739 | Orc:2    | Found Pucuj's Antique Weapon Shop.
 19868 | Orc:2    | Found Egruiggom's Antique Armour Shoppe.
 19890 | Orc:2    | Found a staircase to the Elven Halls.
 19937 | Orc:2    | Found Ravosot's Book Emporium.
 20119 | Orc:2    | Reached skill level 15 in Summonings
 20148 | Orc:2    | HP: 13/93 [burnt (7)]
 20155 | Orc:2    | Reached XP level 14. HP: 40/100 MP: 21/26
 20564 | Orc:2    | Received a gift from Nemelex Xobeh
 20565 | Orc:2    | Found Tigass's General Store.
 20573 | Orc:2    | Bought 3 scrolls of identify for 96 gold pieces
 20573 | Orc:2    | Bought a scroll of teleportation for 48 gold pieces
 20573 | Orc:2    | Bought a potion of heal wounds for 80 gold pieces
 21945 | Lair:1   | Entered Level 1 of the Lair of Beasts
 22069 | Lair:1   | Learned a level 6 spell: Summon Cactus Giant
 22114 | Lair:1   | Received a gift from Nemelex Xobeh
 22578 | Lair:1   | Reached ***** piety under Nemelex Xobeh
 22909 | Lair:1   | Identified the +3 flail "Jelly's Funeral" {freeze, rElec
                  | Int+2}
 23527 | Lair:2   | Slain by a komodo dragon

Illustrated notes

Levels and vault maps discovered:
D:1:      dpeg_arrival_circle_labyrinth_b, layout_basic,
          hellmonk_ecumenical_altar_blasted
D:2:      layout_basic
D:3:      minmay_bubble_buster, layout_loops_ring, nemelex_diamond_rough_becter,
          tgw_kikubaaqudgha, marbit_many_paths, serial_shops,
          nicolae_square_shop, chequers_serial_rivers_small_b,
          columned_hall_lemuel, uniq_ijyb
D:4:      layout_loops_ring, cheibriados_altar_1, mainiacjoe_overflow_alcove_1,
          kennysheep_potato, uniq_natasha, uniq_edmund
D:5:      layout_loops_corners, nicolae_dithmenos_through_a_glass_darkly,
          hangedman_feature_mirror, minmay_fractal_squares_diagonal_5
D:6:      layout_basic, bloody_makhleb, mainiacjoe_overflow_alcove_3,
          temple_hall
D:7:      layout_rooms, lemuel_crystal_altar, nicolae_ossuary_entry_ruins,
          minivault_26, minmay_misc_feat_ornament
D:8:      layout_loops_ring
D:9:      minmay_skewed_foursquare, layout_irregular_city
D:10:     cheibrodos_orc_bank, layout_rooms, hangedman_decor_push, uniq_maggie
D:11:     layout_small_grid, erik_lair_orcish_takeover, david_orc_4,
          minmay_misc_feat_encased, hangedman_tell_no_tales
D:12:     layout_big_octagon, serial_shops, nicolae_stop_n_shop_2,
          ebering_ghost_funeral_grove, nicolae_elemental_shop, uniq_kirke
Temple:   eino_wide_crystal_templ
Lair:1:   layout_cave_pods, grunt_forest_stairs_basic, minivault_25,
          grunt_megastairs_5, serial_bayou_shore_b
Lair:2:   nzn_winding_woodlands_stair_cross [nzn_winding_woodlands_5x15_pockets,
          nzn_winding_woodlands_center_lodge, nzn_winding_woodlands_5x15_cabin,
          nzn_winding_woodlands_5x5_closed_star,
          nzn_winding_woodlands_5x5_three,
          nzn_winding_woodlands_5x15_river_crossing,
          nzn_winding_woodlands_center_pierced_h,
          nzn_winding_woodlands_5x15_sidewinder], layout_regular_city,
          minmay_shoals_entry_centaurs, dummy_snake_entry, gammafunk_ghost_hive,
          nicolae_volcano_entry_lava_flow, kennysheep_rathole
Orc:1:    layout_caves
Orc:2:    grunt_orc_gardens, layout_caves, grunt_orc_garden, grunt_orc_garden,
          grunt_orc_garden, grunt_orc_garden, elves_outpost_lemuel

Skill      XL: |  1  2  3  4  5  6  7  8  9 10 11 12 13 |
---------------+----------------------------------------+-----
Summonings     | 5 6 7 8 10 11 13 15 | 15.7
Invocations    | 1 2 3 4 5 6 7 9 11 | 11.5
Spellcasting   | 3 4 5 6 8 |  8.8
Armour         | 1 2 3 5 6 |  6.0
Dodging        | 3 4 5 6 |  6.0
Fighting       | 2 3 5 6 |  6.0
Air Magic      | 2 3 5 6 |  6.0
Stealth        | |  2.0

Action                   |  1- 3 |  4- 6 |  7- 9 | 10-12 | 13-15 || total
-------------------------+-------+-------+-------+-------+-------++-------
Melee: Dagger            |       |    29 |       |       |       ||    29
       Flail             |       |     5 |   143 |   229 |   170 ||   547
       Punch             |       |       |     2 |     3 |     3 ||     8
 Cast: Summon Small Mamm |    34 |     1 |       |       |       ||    35
       Call Imp          |    10 |    13 |     2 |       |       ||    25
       Call Canine Famil |     1 |    21 |    26 |    90 |    39 ||   177
       Summon Lightning  |       |       |     2 |    43 |    44 ||    89
       Summon Cactus Gia |       |       |       |       |    11 ||    11
Invok: Draw Destruction  |       |       |       |     2 |       ||     2
       Draw Escape       |       |       |       |     1 |     1 ||     2
       Deal Four         |       |       |       |     1 |       ||     1
Evoke: Wand              |       |       |     2 |       |       ||     2
  Use: Potion            |       |     1 |       |       |     3 ||     4
 Stab: Distracted        |       |     3 |       |     3 |     2 ||     8
       Sleeping          |       |     1 |     2 |     1 |       ||     4
Armor: Robe              |    14 |    10 |       |       |       ||    24
       Leather armour    |       |       |    29 |    67 |    45 ||   141
Dodge: Dodged            |    29 |    40 |   116 |   268 |   231 ||   684

Table legend: (Time is in decaauts)
 A = Elapsed time spent in this place.
 B = Non-inter-level travel time spent in this place.
 C = Inter-level travel time spent in this place.
 D = Time resting spent in this place.
 E = Time spent auto-exploring this place.
 F = Levels seen in this place.
 G = Mean time per level.
                   A        B        C        D        E       F      G
               +--------+--------+--------+--------+--------+-----+--------+
         Total |  23506 |  22524 |    982 |   1629 |  15583 |  18 | 1305.9 |
       Dungeon |  16766 |  15948 |    818 |    401 |  11668 |  12 | 1397.2 |
        Temple |    114 |    102 |     12 |      0 |     94 |   1 |  114.0 |
          Lair |   1577 |   1553 |     24 |      0 |   1320 |   2 |  788.5 |
  Orcish Mines |   4742 |   4615 |    127 |   1228 |   2500 |   2 | 2371.0 |
       Ossuary |    306 |    306 |      0 |      0 |      0 |   1 |  306.0 |
               +--------+--------+--------+--------+--------+-----+--------+

Top non-repeatable levels by time:
   Orc:2: 2689 daAuts
    D:11: 2100 daAuts
   Orc:1: 2052 daAuts
     D:3: 1935 daAuts
    D:10: 1871 daAuts
     D:9: 1594 daAuts
     D:1: 1383 daAuts
     D:4: 1375 daAuts
     D:6: 1323 daAuts
  Lair:1: 1281 daAuts
     D:5: 1278 daAuts
     D:8: 1242 daAuts
     D:7: 1061 daAuts
     D:2: 817 daAuts
    D:12: 781 daAuts
